 Dungeon Crawl Stone Soup version 0.20-a0-556-g892c87b (webtiles) character file.

1646 Steppips the Geomancer (level 8, -6/46 HPs)
             Began as an Octopode Earth Elementalist on Feb 5, 2017.
             Killed by divine providence
             ... invoked by an orc priest
              (13 damage)
             ... on level 8 of the Dungeon.
             The game lasted 00:23:25 (7888 turns).

Steppips the Geomancer (OpEE)                       Turns: 7888, Time: 00:23:26

Health: -6/46      AC:  1    Str:  8    XL:     8   Next: 99%
Magic:  18/18      EV: 13    Int: 19    God:
Gold:   504        SH:  0    Dex: 14    Spells: 8/21 levels left

rFire    . . .     SeeInvis .   (no weapon)
rCold    + . .     Gourm    .   (no shield)
rNeg     . . .     Faith    .   (helmet restricted)
rPois    .         Spirit   .   y - +4 amulet of reflection
rElec    .         Reflect  +   p - ring of loudness (curse)
rCorr    .         Harm     .   v - ring of stealth
MR       .....                  i - ring of protection from cold
Stlth    ++........             w - +2 ring of dexterity
Regen    0.2/turn               (no ring)
                                (no ring)
                                (no ring)
                                (no ring)

@: confused
A: almost no armour, stealthy swim, amphibious, 8 rings, constrict 8, camouflage
1, gelatinous body 1
a: no special abilities


You were on level 8 of the Dungeon.
You were not hungry.

You visited 1 branch of the dungeon, and saw 8 of its levels.

You collected 586 gold pieces.
You spent 82 gold pieces at shops.

Inventory:

Missiles
 b - 97 stones (quivered)
Jewellery
 i - a ring of protection from cold (on tentacle)
 p - a cursed ring of loudness (left tentacle)
 r - an uncursed amulet of guardian spirit
 v - a ring of stealth (right tentacle)
 w - a +2 ring of dexterity (on tentacle)
 y - a +4 amulet of reflection (around mantle)
Wands
 n - a wand of iceblast (12/15)
 A - a wand of flame (16/48)
 D - a wand of acid (6/15)
Scrolls
 e - a scroll of amnesia
 f - 3 scrolls of immolation
 k - 2 scrolls of fear
 t - 2 scrolls of enchant armour
 u - 3 scrolls of enchant weapon
Potions
 g - a potion of lignification
 h - a potion of berserk rage
 j - a potion of might
 m - 2 potions of brilliance
 o - a potion of magic
 x - 2 potions of flight
 z - a potion of heal wounds {unknown}
Books
 d - a book of Geomancy

   Spells                             Type                      Level
   a - Sandblast                      Earth                        1
   b - Passwall                       Transmutation/Earth          2
   c - Stone Arrow                    Conjuration/Earth            3
   d - Petrify                        Transmutation/Earth          4
   e - Lee's Rapid Deconstruction     Earth                        5
Comestibles
 c - 8 bread rations
 l - 3 meat rations
 B - a royal jelly
 C - 4 chunks of flesh


   Skills:
 - Level 2.0 Dodging
 - Level 2.6 Stealth
 - Level 7.0 Spellcasting
 * Level 2.0 Transmutations
 + Level 8.6 Earth Magic


You had 8 spell levels left.
You knew the following spells:

 Your Spells              Type           Power        Failure   Level  Hunger
a - Sandblast             Erth           #####.       1%          1    None
b - Stone Arrow           Conj/Erth      ###...       6%          3    #......
c - Petrify               Tmut/Erth      ####....     12%         4    ###....
d - Lee's Rapid Deconstr  Erth           #####.....   12%         5    #####..


Dungeon Overview and Level Annotations

Branches:
Dungeon (8/15)
 Temple: D:4-7         Lair: D:8-11

Altars:
Dithmenos
Uskayaw

Shops:
D:6 *

Annotations:
D:6 Dowan; dogface's ghost, novice HOAM


Innate Abilities, Weirdness & Mutations

You cannot wear most types of armour.
You are very stealthy in the water. (Stealth+)
You are amphibious.
You can wear up to eight rings at the same time.
You can use your tentacles to constrict eight enemies at once.
Your skin changes colour to match your surroundings (Stealth+).
Your rubbery body absorbs attacks. (AC +1, EV +1)


Message History

You feel strangely unstable. Something hits you!
* * * LOW HITPOINT WARNING * * *
You feel better. Something hits you. Something hits you!
* * * LOW HITPOINT WARNING * * *
Your surroundings suddenly seem different.
An orc priest comes into view.
The orc priest shouts! 2 orcs and an orc priest come into view.
You are confused.
You feel invigorated.
The orc shouts!
The orc priest shouts!
The orc priest looks braver for a moment.
You tentacle-slap the orc priest but do no damage.
The orc priest invokes the aid of Beogh against you.
Beogh smites you!
* * * LOW HITPOINT WARNING * * *
The orc priest calls down the wrath of Beogh upon you.
Beogh smites you!
You die...

. ########...
#..........
#..@.......
#....o......
#............
#............
#.........o...
............oo.
...............
.............#.


You could see 2 orc priests and 2 orcs.

Vanquished Creatures
  An ice beast (D:5)
  2 ogres
  2 centaurs
  3 bullfrogs
  3 scorpions
  A crimson imp (D:5)
  A bullfrog zombie (D:7)
  A jelly (D:5)
  3 quasits
  A centaur zombie (D:5)
  2 hounds (D:7)
  5 orc priests
  3 orc wizards
  An iguana (D:7)
  4 worker ants
  A worker ant zombie (D:6)
  A gnoll (D:1)
  A howler monkey skeleton (D:5)
  9 adders
  3 shadow imps
  2 oozes (D:4)
  2 dart slugs
  2 worms (D:5)
  8 leopard geckos
  11 orcs
  6 giant cockroaches
  3 goblins
  7 hobgoblins
  4 quokkas
  2 ball pythons
  7 bats
  6 frilled lizards
  3 kobolds
  A leopard gecko zombie (D:7)
  2 rats
  A fungus (D:7)
115 creatures vanquished.

Notes
Turn   | Place    | Note
-------+----------+-------------------------------------------
     0 | D:1      | Steppips the Octopode Earth Elementalist began the quest for the Orb.
     0 | D:1      | Reached XP level 1. HP: 11/11 MP: 3/3
   377 | D:1      | Reached XP level 2. HP: 17/17 MP: 3/5
   678 | D:1      | Reached XP level 3. HP: 16/21 MP: 6/6
  1353 | D:2      | Reached skill level 4 in Earth Magic
  1725 | D:2      | Learned a level 3 spell: Stone Arrow
  2158 | D:2      | Reached XP level 4. HP: 27/27 MP: 2/8
  3215 | D:3      | Learned a level 4 spell: Petrify
  3285 | D:4      | Reached XP level 5. HP: 27/31 MP: 2/9
  3445 | D:4      | Reached skill level 5 in Earth Magic
  3827 | D:4      | Reached XP level 6. HP: 28/36 MP: 1/11
  4118 | D:4      | Found a shadowy altar of Dithmenos.
  4316 | D:4      | Reached skill level 6 in Earth Magic
  4316 | D:4      | Reached XP level 7. HP: 23/41 MP: 1/14
  4675 | D:4      | Learned a level 5 spell: Lee's Rapid Deconstruction
  4717 | D:5      | Entered Level 5 of the Dungeon
  4894 | D:5      | Reached skill level 5 in Spellcasting
  5405 | D:5      | Reached skill level 7 in Earth Magic
  5405 | D:5      | Reached XP level 8. HP: 46/46 MP: 9/16
  6033 | D:6      | Noticed dogface's ghost (novice HOAM)
  6466 | D:6      | Found Zaobaeg's General Store.
  6476 | D:6      | Bought 25 stones for 27 gold pieces
  6476 | D:6      | Bought a scroll of identify for 22 gold pieces
  6476 | D:6      | Bought a potion of flight for 33 gold pieces
  6576 | D:6      | Found a hide-covered altar of Uskayaw.
  6581 | D:6      | Noticed Dowan
  6817 | D:7      | Reached skill level 8 in Earth Magic
  7888 | D:8      | Killed from afar by an orc priest

Vault maps used:
D:1:      dpeg_arrival_tiny_i
D:3:      first_bread, portal_sewer_entry_f, serial_park_tiny_1
D:4:      cheibrodos_quashed, grunt_decor_one_mirror, hangedman_decor_growths,
          minmay_misc_feat_diagonals, minmay_misc_feat_four_crosses,
          grunt_dithmenos_shadows
D:5:      hangedman_decor_clover_reticule, st_stairs_4, serial_bayou_pond_d,
          grunt_ministairs_12
D:6:      minmay_temple_entry_butterflies, serial_shops,
          nicolae_shop_waterfront, basic_altar, lemuel_flamethrower_1,
          uniq_grinder, uniq_duvessa
D:7:      minmay_gold_behind_fungi

Skill      XL: |  1  2  3  4  5  6  7  8 |
---------------+-------------------------+-----
Earth Magic    | 4 5 6 7 8 |  8.6
Spellcasting   | 3 4 5 7 |  7.0
Transmutations | 2 |  2.0
Dodging        | |  2.0
Stealth        | |  2.6

Action                   |  1- 3 |  4- 6 |  7- 9 || total
-------------------------+-------+-------+-------++-------
Melee: Unarmed           |    95 |    35 |    22 ||   152
       Tentacles         |    13 |     8 |     6 ||    27
       Constrict         |    23 |     8 |     4 ||    35
 Cast: Sandblast         |    17 |    47 |    83 ||   147
       Stone Arrow       |     1 |    11 |    35 ||    47
  Use: Scroll            |     5 |     8 |    11 ||    24
       Potion            |       |       |     5 ||     5
 Stab: Sleeping          |     7 |       |       ||     7
  Eat: Chunk             |     4 |     7 |     9 ||    20
       Fruit             |       |     1 |     4 ||     5
Armor: Skin              |    22 |     3 |    28 ||    53
Dodge: Dodged            |    96 |    48 |    33 ||   177
Block: Other             |       |       |     3 ||     3
